 Dungeon Crawl Stone Soup version 0.26.1-11-gd32895ea62 (webtiles) character file.

Game seed: 7343729753870080685

3005 senzo the Ruffian (level 8, 0/78 HPs)
             Began as a Troll Monk on June 22, 2021.
             Slain by a killer bee (2 damage)
             ... on level 7 of the Dungeon.
             The game lasted 01:14:51 (7082 turns).

senzo the Ruffian (Troll Monk)                      Turns: 7082, Time: 01:14:52

Health: 0/78       AC:  7    Str: 21    XL:     8   Next: 209%
Magic:  7/8        EV: 12    Int:  6    God:
Gold:   191        SH:  0    Dex: 13    Spells: 8/8 levels left

rFire    . . .     SeeInvis .     - Unarmed
rCold    . . .     Faith    .   (no shield)
rNeg     . . .     Spirit   .   a - +0 robe
rPois    .         Reflect  .   e - +1 hat
rElec    .         Harm     .   (no cloak)
rCorr    .         Rampage  .   (gloves unavailable)
Will     .....                  (boots unavailable)
Stlth    ++........             (no amulet)
HPRegen  0.63/turn              (no ring)
MPRegen  0.11/turn              (no ring)

@: lethally poisoned (0 -> -8)
A: large, unfitting armour, claws 3, regeneration 1, shaggy fur 1, tough skin 3
a: no special abilities


You were on level 7 of the Dungeon.
You visited 1 branch of the dungeon, and saw 7 of its levels.

You collected 191 gold pieces.

Inventory:

Hand Weapons
 x - a +4 vorpal flail
Missiles
 d - 236 stones (quivered)
 h - 12 poisoned darts
Armour
 a - a +0 robe (worn)
 e - a +1 hat (worn)
 v - a +0 robe
Magical Staves
 q - an uncursed staff of cold {unknown}
Jewellery
 f - an uncursed ring of flight {unknown}
 k - an uncursed ring of wizardry {unknown}
 t - a cursed amulet of inaccuracy {unknown}
Scrolls
 b - 3 scrolls of identify {unknown}
 c - 2 scrolls of blinking {unknown}
 g - 4 scrolls of teleportation {unknown}
 l - 7 scrolls of remove curse {unknown}
 m - a scroll of enchant weapon {unknown}
 p - a scroll of enchant armour {unknown}
 u - a scroll of magic mapping {unknown}
 y - a scroll of fear {unknown}
Potions
 i - 3 potions of brilliance {unknown}
 j - a potion of lignification {unknown}
 n - a potion of berserk rage {unknown}
 o - a potion of haste {unknown}
 r - 2 potions of curing
 s - a potion of attraction {unknown}
 w - a potion of degeneration {unknown}


   Skills:
 + Level 3.8 Fighting
 + Level 1.4(1.9) Short Blades
 + Level 1.6(2.0) Long Blades
 + Level 1.2(1.9) Axes
 + Level 1.4(2.1) Maces & Flails
 + Level 1.2(1.9) Polearms
 + Level 1.2(1.9) Staves
 + Level 1.0(2.5) Slings
 + Level 1.6 Bows
 + Level 1.0 Crossbows
 + Level 4.9(5.1) Throwing
 + Level 1.2 Armour
 + Level 4.7 Dodging
 + Level 2.4 Stealth
 + Level 1.2 Shields
 + Level 7.9 Unarmed Combat
 + Level 0.9 Spellcasting
 + Level 1.2 Conjurations
 + Level 2.0 Hexes
 + Level 1.1 Summonings
 + Level 1.2 Necromancy
 + Level 1.1 Translocations
 + Level 1.1 Transmutations
 + Level 1.1 Fire Magic
 + Level 1.1 Ice Magic
 + Level 1.0 Air Magic
 + Level 1.4 Earth Magic
 + Level 1.1 Poison Magic
 + Level 1.4 Invocations
 + Level 1.1 Evocations


You had 8 spell levels left.
You didn't know any spells.
Your spell library contained the following spells:

 Spells                   Type           Power        Failure   Level
 Corona                   Hex            2%           21%         1
 Animate Skeleton         Necr           2%           26%         1
 Magic Dart               Conj           4%           26%         1
 Apportation              Tloc           2%           28%         1
 Summon Small Mammal      Summ           4%           28%         1
 Slow                     Hex            2%           30%         2
 Blink                    Tloc           N/A          41%         2
 Call Imp                 Summ           1%           41%         2
 Summon Guardian Golem    Hex/Summ       2%           56%         3
 Conjure Flame            Conj/Fire      1%           63%         3
 Call Canine Familiar     Summ           1%           65%         3
 Mephitic Cloud           Conj/Pois/Air  1%           65%         3
 Summon Ice Beast         Ice/Summ       1%           96%         4
 Summon Lightning Spire   Summ/Air       1%           96%         4


Dungeon Overview and Level Annotations

Branches:
Dungeon (7/15)             Temple (0/1) D:5

Altars:
Ashenzari
Hepliaklqana
Kikubaaqudgha

Shops:
D:4 [


Innate Abilities, Weirdness & Mutations

You are too large for most types of armour.
You have claws for hands.
Your natural rate of healing is unusually fast.
You are covered in fur. (AC +1)
You have extremely tough skin. (AC +3)


Message History

Your Transmutations skill increases to level 1!
Your Fire Magic skill increases to level 1!
Your Ice Magic skill increases to level 1!
Your Air Magic skill increases to level 1!
Your Earth Magic skill increases to level 1!
Your Poison Magic skill increases to level 1!
Your Invocations skill increases to level 1!
Your Evocations skill increases to level 1!
You have reached level 9!
Your experience leads to an increase in your attributes!
Increase (S)trength, (I)ntelligence, or (D)exterity?
* * * LOW HITPOINT WARNING * * *
You feel sick. The killer bee stings you.
* * * LOW HITPOINT WARNING * * *
The killer bee closely misses you. The killer bee stings you.
* * * LOW HITPOINT WARNING * * *
You are more poisoned.
The killer bee poisons you! The hound bites you but does no damage.
The killer bee stings you.
You die...

..##... #.#...## ..
#..$..(# #..
......##..# .......
............#. ......
.K##.......... #....#
#.##yh........ ##....#
#.##@yy....... .....#
#..##yT....... #.(.##
##.# ##K....... #
#...## #..####..#.....
##
##.((.###.......##.....
.###..##.....T#†K..#..
...
..#..####.....###...(#
....## #(.?..###.......
...##
###..).y.##........


You could see a troll, a hound, 4 killer bees and a kobold.

Vanquished Creatures
  Edmund (D:5)
  A phantom (D:5)
  3 ogres
  A black bear (D:3)
  A centaur (D:3)
  A bullfrog (D:7)
  A big kobold (D:7)
  A scorpion (D:3)
  A water moccasin skeleton (D:6)
  2 killer bees (D:7)
  A howler monkey (D:3)
  A jelly (D:5)
  3 hounds
  2 orc wizards (D:7)
  An iguana (D:6)
  4 worker ants
  15 adders
  A white imp (D:5)
  An ufetubus (D:3)
  2 oozes
  An adder skeleton (D:4)
  2 worms
  2 dart slugs
  4 leopard geckos
  4 orcs
  6 giant cockroaches
  7 goblins
  4 hobgoblins
  3 jackals
  12 kobolds
  2 quokkas
  2 ball pythons
  10 bats
  5 frilled lizards
  A leopard gecko zombie (D:5)
  6 rats
115 creatures vanquished.

Vanquished Creatures (others)
  2 fungi (D:4)
2 creatures vanquished.

Grand Total: 117 creatures vanquished

Notes
Turn   | Place    | Note
-------+----------+-------------------------------------------
     0 | D:1      | senzo the Troll Monk began the quest for the Orb.
     0 | D:1      | Reached XP level 1. HP: 22/22 MP: 0/0
   538 | D:1      | Reached XP level 2. HP: 29/29 MP: 1/1
  1041 | D:2      | Reached XP level 3. HP: 36/36 MP: 2/2
  1202 | D:2      | Found an ancient bone altar of Kikubaaqudgha.
  1435 | D:2      | Reached skill level 1 in Throwing
  1585 | D:3      | Reached XP level 4. HP: 44/44 MP: 3/3
  1779 | D:3      | Noticed a centaur
  1850 | D:3      | Reached skill level 4 in Unarmed Combat
  1859 | D:3      | Reached XP level 5. HP: 52/52 MP: 4/4
  1883 | D:3      | Killed a centaur
  2594 | D:3      | Reached XP level 6. HP: 54/59 MP: 5/5
  2883 | D:3      | Reached skill level 5 in Unarmed Combat
  3153 | D:4      | Reached XP level 7. HP: 54/63 MP: 6/6
  4450 | D:4      | Found a broken altar of Ashenzari.
  4455 | D:4      | Saw a vision of the Swamp and the Snake Pit.
  4455 | D:4      | Noticed an alligator
  4455 | D:4      | Noticed a naga sharpshooter
  4455 | D:4      | Noticed a naga mage
  4455 | D:4      | Noticed a shock serpent
  4455 | D:4      | Noticed an anaconda
  4574 | D:4      | Found Immonnuygo's Armour Boutique.
  4723 | D:5      | Entered Level 5 of the Dungeon
  4768 | D:5      | Found a staircase to the Ecumenical Temple.
  4805 | D:5      | Reached skill level 6 in Unarmed Combat
  5658 | D:5      | Noticed Edmund
  5667 | D:5      | Killed Edmund
  6366 | D:6      | Reached XP level 8. HP: 58/75 MP: 7/7
  6634 | D:6      | Reached skill level 7 in Unarmed Combat
  6704 | D:6      | Found a hazy altar of Hepliaklqana.
  7073 | D:7      | Noticed a troll
  7082 | D:7      | Reached skill level 1 in Short Blades
  7082 | D:7      | Reached skill level 1 in Long Blades
  7082 | D:7      | Reached skill level 1 in Axes
  7082 | D:7      | Reached skill level 1 in Maces & Flails
  7082 | D:7      | Reached skill level 1 in Polearms
  7082 | D:7      | Reached skill level 1 in Staves
  7082 | D:7      | Reached skill level 1 in Slings
  7082 | D:7      | Reached skill level 1 in Bows
  7082 | D:7      | Reached skill level 1 in Crossbows
  7082 | D:7      | Reached skill level 1 in Armour
  7082 | D:7      | Reached skill level 1 in Shields
  7082 | D:7      | Reached skill level 1 in Conjurations
  7082 | D:7      | Reached skill level 1 in Summonings
  7082 | D:7      | Reached skill level 1 in Necromancy
  7082 | D:7      | Reached skill level 1 in Translocations
  7082 | D:7      | Reached skill level 1 in Transmutations
  7082 | D:7      | Reached skill level 1 in Fire Magic
  7082 | D:7      | Reached skill level 1 in Ice Magic
  7082 | D:7      | Reached skill level 1 in Air Magic
  7082 | D:7      | Reached skill level 1 in Earth Magic
  7082 | D:7      | Reached skill level 1 in Poison Magic
  7082 | D:7      | Reached skill level 1 in Invocations
  7082 | D:7      | Reached skill level 1 in Evocations
  7082 | D:7      | HP: 3/78 [killer bee (2)]
  7082 | D:7      | Slain by a killer bee

Illustrated notes

Levels and vault maps discovered:
D:1:      dpeg_arrival_circle_labyrinth_c, layout_basic, st_stairs_9
D:2:      layout_basic, old_standard_altar
D:3:      minmay_octagon_keep, layout_rooms, dk_vineyard_2, minmay_puff
D:4:      layout_loops_ring, serial_shops, kennysheep_mini_moat,
          grunt_ashenzari_visionary [grunt_ashenzari_visionary_swamp,
          grunt_ashenzari_visionary_snake]
D:5:      layout_loops_corners, minmay_temple_entry_junction_2, uniq_edmund
D:6:      layout_loops_ring, nzn_hepliaklqana_mist_gate
D:7:      layout_layer_cave, uniq_crazy_yiuf_cottage

Skill      XL: |  1  2  3  4  5  6  7  8 |
---------------+-------------------------+-----
Throwing       | 1 2 3 4 |  4.9
Dodging        | 3 4 |  4.7
Unarmed Combat | 4 5 6 7 |  7.9
Fighting       | 3 |  3.8
Stealth        | 2 |  2.4
Short Blades   | 1 |  1.4
Long Blades    | 1 |  1.6
Axes           | 1 |  1.2
Maces & Flails | 1 |  1.4
Polearms       | 1 |  1.2
Staves         | 1 |  1.2
Slings         | 1 |  1.0
Bows           | 1 |  1.6
Crossbows      | 1 |  1.0
Armour         | 1 |  1.2
Shields        | 1 |  1.2
Conjurations   | 1 |  1.2
Hexes          | 2 |  2.0
Summonings     | 1 |  1.1
Necromancy     | 1 |  1.2
Translocations | 1 |  1.1
Transmutations | 1 |  1.1
Fire Magic     | 1 |  1.1
Ice Magic      | 1 |  1.1
Air Magic      | 1 |  1.0
Earth Magic    | 1 |  1.4
Poison Magic   | 1 |  1.1
Invocations    | 1 |  1.4
Evocations     | 1 |  1.1
Spellcasting   | |  0.9

Action                   |  1- 3 |  4- 6 |  7- 9 || total
-------------------------+-------+-------+-------++-------
Melee: Unarmed           |    85 |   122 |   137 ||   344
       Punch             |       |     2 |     3 ||     5
Throw: Stone             |    75 |    93 |    76 ||   244
  Use: Potion            |       |       |     2 ||     2
 Stab: Sleeping          |       |       |     1 ||     1
Armor: Robe              |    36 |    38 |    41 ||   115
Dodge: Dodged            |    50 |    67 |    87 ||   204
